Unix NetHack Version 5.0.0-0 post-release - last build Jul 19 2026 19:10:59 (3aa4ab31751d3886436d94b585a96704892fd477,branch:main).

Game began 2026-07-21 14:16:25, ended 2026-07-21 14:59:34.

Fletchius, chaotic male elven Wizard

                                                        ---
                                  ------------------   --.-------
                                  |................|   |........|
                                  |................|   |....---.|
                                  |.....@...--|--..+   |...-- |.|
                                  |..-----..|...|^.|   |..--  |.-- -------
                                  -.[|   ---|...|..-----.-- ---..---..|..|
                                  ..)       |...|........| --............|
                                 ....|      ----|........| |.............--
                               ...{..-          |...------  -.........<...|
                              |......           |...+).|--  |............--
                              --|---.        .  |....[.|.| --...........--
                               ..  --       --|--...-.--.| |..........---
                               --           |........|...|--........-.-
                                      |  ----.....#..|...|........|....
                                      |........{....-|...........---....
                                      -.....#....|..--......---..| ---...
                                    ............-|.().).....| |..|    --..
                                   ------------- -------.---- ----      --
                                                       ---
Fletchius the Thaumaturge  St:9 Dx:14 Co:14 In:20 Wi:9 Ch:11  Chaotic
Dlvl:8  $:360 HP:0(47) Pw:27(57) AC:6  Xp:6 T:2022  Blind

Latest messages:
 You kill the dwarf!
 You hear a door open.
 You hear a door open.
 You hear a door open.
 You hear a door open.
 You swap places with the peaceful goblin.
 Please move the cursor to a monster, object or location.
 (For instructions type a '?')
 Done.
 The door resists!
 The door opens.
 You hear a door open.
 You hit the iguana!
 The iguana bites!
 You hit the iguana!
 You kill the iguana!
 You hear a door open.
 In what direction? j
 The spell hits the dwarf!
 You kill the dwarf!
 The spell hits the gnome!
 You kill the gnome!
 Please move the cursor to a monster, object or location.
 (For instructions type a '?')
 Done.
 The gnome picks up a thonged club.
 The gnome lord picks up a long sword.
 In what direction? j
 The spell hits the gnome lord!
 The spell hits the gnome!
 You kill the gnome!
 A potion called confusion shatters!
 The gnome lord reads a scroll labeled LEP GEX VEN ZEA!
 A wood nymph suddenly appears next to you!
 The gnome lord picks up a hooded cloak.
 You hear someone cursing shoplifters.
 What do you want to read? [j-lyADH or ?*] y
 You begin to memorize the runes.
 You add "knock" to your repertoire, as 'c'.
 What do you want to read? [j-lyADH or ?*] ?
 This spellbook is difficult to comprehend.  Continue? [yn] (n) y
 A cloud of darkness falls upon you.
 It hits!
 It hits!
 It hits!
 It hits!
 It hits!
 It hits!
 You die...
 Do you want your possessions identified? [ynq] (y) q

Inventory:
 Coins    ('$')
  $ - 360 gold pieces
 Weapons  (')')
  a - a blessed +1 quarterstaff (weapon in hands)
 Armor    ('[')
  b - an uncursed +0 cloak of magic resistance (being worn)
  s - an uncursed +0 studded leather armor (being worn)
 Comestibles  ('%')
  G - an uncursed tin of pureed yellow mold
 Scrolls  ('?')
  A - an uncursed scroll of enchant armor
  j - an uncursed scroll of enchant weapon
  k - a blessed scroll of identify
  H - an uncursed scroll of scare monster
 Spellbooks  ('+')
  D - an uncursed spellbook of cancellation
  l - a blessed spellbook of force bolt
  y - an uncursed spellbook of knock
 Potions  ('!')
  f - an uncursed potion of fruit juice
  q - a blessed potion of healing
  g - an uncursed potion of restore ability
  h - an uncursed potion of sickness
 Rings    ('=')
  v - an uncursed ring of slow digestion (on left hand)
  C - an uncursed ring of stealth
 Wands    ('/')
  p - a wand of cancellation (0:5)
  c - a wand of create monster (0:11)
 Tools    ('(')
  o - an uncursed tooled horn
  n - a magic marker (0:19)
  E - an uncursed skeleton key
 Gems/Stones  ('*')
  x - an uncursed fluorite stone
  w - an uncursed worthless piece of blue glass

Fletchius the Wizard's attributes:

Background:
 You were a Thaumaturge, a level 6 male elven Wizard.
 You were chaotic, nominally on a mission for Anhur
 who was opposed by Ptah (lawful) and Thoth (neutral).
 You were right-handed.
 You were in the Gnomish Mines, on level 8.
 You entered the dungeon 2022 turns ago.
 You had 399 experience points, 241 more were needed to attain level 7.

Basics:
 You had 0 out of 47 hit points.
 You had 27 out of 57 energy points (spell power).
 Your armor class was 6.
 Your wallet contained 360 zorkmids.
 Autopickup was off.

Final Characteristics:
 Your strength was 9 (limit:18).
 Your dexterity was 14 (limit:18).
 Your constitution was 14 (limit:16).
 Your intelligence was 20 (limit:20).
 Your wisdom was 9 (limit:20).
 Your charisma was 11 (limit:18).

Final Status:
 You were temporarily blind.
 You weren't hungry.
 You were unencumbered.
 You were wielding a quarterstaff.
 You had basic skill with quarterstaff.

Final Attributes:
 You were devoutly aligned.
 You were magic-protected.
 You were sleep resistant.
 You had infravision.
 You had slower digestion.
 You were warded.
 You were unlucky.
 You are dead.

Miscellaneous:
 You didn't encounter any bones levels.
 Total elapsed playing time was 43 minutes and 8 seconds.

Major events:
 Turn
    1: Fletchius the chaotic male elven Wizard entered the dungeon
 1019: entered the Gnomish Mines
 1028: attained the rank of Conjurer (level 3)
 1871: reached Mine Town
 1908: attained the rank of Thaumaturge (level 6)
 2022: killed by a gnome lord, while reading a book

Spells:
 Name                 Level Category     Fail Retention
 force bolt             1   attack         0%   81%-90%
 detect monsters        1   divination     0%  76%-100%
 knock                  1   matter         0%  76%-100%

Skills:
 Fighting Skills
   bare handed combat [Unskilled]
   riding             [Unskilled]
 Weapon Skills
   dagger             [Unskilled]
   knife              [Unskilled]
   axe                [Unskilled]
   short sword        [Unskilled]
   club               [Unskilled]
   mace               [Unskilled]
   quarterstaff       [Basic]
   polearms           [Unskilled]
   spear              [Unskilled]
   trident            [Unskilled]
   sling              [Unskilled]
   dart               [Unskilled]
   shuriken           [Unskilled]
 Spellcasting Skills
   attack spells      [Basic]
   healing spells     [Unskilled]
   divination spells  [Unskilled]
   enchantment spells [Basic]
   clerical spells    [Unskilled]
   escape spells      [Unskilled]
   matter spells      [Unskilled]

Voluntary challenges:
 Character rerolling was not enabled.
 You were an atheist.
 You never genocided any monsters.
 You never polymorphed an object.
 You never changed form.
 You used no wishes.
Achievements:
 You entered a shop.
 You entered the Gnomish Mines.
 You attained the rank of Conjurer.
 You entered Minetown.
 You attained the rank of Thaumaturge.

 The Dungeons of Doom: levels 1 to 4
    Level 1:
       A fountain.
    Level 2:
    Level 3:
       A general store, some fountains.
    Level 4:
       A fountain.
       Stairs down to The Gnomish Mines.
 The Gnomish Mines: levels 5 to 8
    Level 5:
    Level 6:
    Level 7:
    Level 8: <- You were here.
       Some fountains, some trees.
       Final resting place for
          you, killed by a gnome lord, while reading a book.


Vanquished creatures:
  a fog cloud
  5 gnome leaders
  a gray ooze
  7 dwarves
  2 dwarf zombies
 an iguana
 an acid blob
  a large kobold
 34 gnomes
  a gecko
  5 jackals
  2 foxes
  a kobold
  2 sewer rats
  2 grid bugs
  a lichen
  a kobold zombie
  4 newts
72 creatures vanquished.

No species were genocided or became extinct.

Game over:
                       ----------
                      /          \
                     /    REST    \
                    /      IN      \
                   /     PEACE      \
                  /                  \
                  |    Fletchius     |
                  |      360 Au      |
                  |   killed by a    |
                  |    gnome lord    |
                  |                  |
                  |                  |
                  |       2026       |
                 *|     *  *  *      | *
        _________)/\\_//(\/(/\)/\//\/|_)_______

Goodbye Fletchius the Wizard...

You died in The Gnomish Mines on dungeon level 8 with 2280 points,
and 360 pieces of gold, after 2022 moves.
You were level 6 with a maximum of 47 hit points when you died.

